 Dungeon Crawl Stone Soup version 0.27.1-33-g824d729ab1 (webtiles) character file.

Game seed: 17766211338733828091

141 pkoi the Ruffian (level 5, -4/40 HPs)
             Began as a Draconian Transmuter on Dec 11, 2021.
             Killed by nerve-wracking pain
             ... invoked by an orc priest
              (11 damage)
             ... on level 3 of the Dungeon.
             The game lasted 00:02:31 (2327 turns).

pkoi the Ruffian (Draconian Transmuter)             Turns: 2327, Time: 00:02:32

Health: -4/40      AC:  5    Str: 13      XL:     5   Next: 3%
Magic:  8/8        EV: 12    Int: 14      God:
Gold:   59         SH:  0    Dex: 10 (11) Spells: 4/8 levels left

rFire    + . .     SeeInvis .     - Unarmed
rCold    . . .     Faith    .   (no shield)
rNeg     . . .     Spirit   .   (armour unavailable)
rPois    .         Reflect  .   (helmet currently unavailable)
rElec    .         Harm     .   (no cloak)
rCorr    .         Rampage  .   (no gloves)
Will     .....     Rnd*Tele +   (boots currently unavailable)
Stlth    +.........             (no amulet)
HPRegen  0.13/turn              f - ring of protection from fire
MPRegen  0.11/turn              (no ring)

@: appendages
A: horns 2, AC +5, unfitting armour, cold-blooded, hooves 1, stinger 1,
teleportitis 1
a: End Transformation


You were on level 3 of the Dungeon.
You had temporarily grown beastly horns.
You visited 1 branch of the dungeon, and saw 3 of its levels.

You collected 59 gold pieces.

Inventory:

Missiles
 c - 3 boomerangs
Jewellery
 f - a ring of protection from fire (left hand)
Wands
 a - a wand of flame (16)
Potions
 b - a potion of brilliance {unknown}
 e - 2 potions of haste {unknown}
 g - 2 potions of curing
 h - a potion of heal wounds {unknown}


   Skills:
 - Level 1.1 Fighting
 - Level 1.7 Dodging
 + Level 4.8 Unarmed Combat
 - Level 2.0 Spellcasting
 + Level 2.9 Transmutations
 + Level 1.8 Poison Magic


You had 4 spell levels left.
You knew the following spells:

 Your Spells              Type           Power      Damage    Failure   Level
a - Beastly Appendage     Tmut           18%        N/A       7%          1
b - Spider Form           Tmut/Pois      4%         N/A       26%         3

Your spell library contained the following spells:

 Spells                   Type           Power      Damage    Failure   Level
 Wereblood                Tmut           9%         N/A       11%         2
 Poisonous Vapours        Pois/Air       8%         N/A       24%         2
 Corpse Rot               Necr/Air       N/A        N/A       34%         2
 Dazzling Flash           Conj/Hex       2%         N/A       56%         3
 Ice Form                 Ice/Tmut       5%         N/A       78%         4
 Iskenderun's Mystic Bla  Conj/Tloc      1%         2d3       93%         4
 Freezing Cloud           Conj/Ice/Air   0%         6-21      100%        5
 Starburst                Conj/Fire      0%         6d3       100%        6


Dungeon Overview and Level Annotations

Branches:
Dungeon (3/15)

Altars:

Shops:
D:1 (

Annotations:
D:3 1 runed translucent door, SensoryNuts's ghost, amateur DrMo


Innate Abilities, Weirdness & Mutations

You have temporarily grown beastly horns.
Your plain brown scales are hard. (AC +5)
You cannot fit into any form of body armour.
You are cold-blooded and may be slowed by cold attacks.
You have large cloven feet.
Your tail ends in a poisonous barb.
You are occasionally teleported next to monsters.


Message History

You hit the worm but do no damage. You headbutt the worm.
The worm is severely wounded.
The giant cockroach misses you.
You hit the worm. You headbutt the worm.
You kill the worm!
The giant cockroach barely misses you.
You feel your dexterity returning.
You hit the orc priest but do no damage.
You kick the orc priest.
The orc priest is moderately wounded.
The giant cockroach bites you but does no damage.
The orc priest hits you with a +0 hand axe.
* * * LOW HITPOINT WARNING * * *
You hit the orc priest. Your kick misses the orc priest.
The orc priest is moderately wounded.
The giant cockroach bites you.
* * * LOW HITPOINT WARNING * * *
You barely miss the orc priest. You kick the orc priest.
The orc priest is heavily wounded.
The orc priest closely misses you.
The giant cockroach bites you but does no damage.
You barely miss the orc priest. Your kick misses the orc priest.
Your tail-slap misses the orc priest.
The orc priest is heavily wounded.
The orc priest mumbles some strange prayers to Beogh against you.
Beogh smites you!
* * * LOW HITPOINT WARNING * * *
The giant cockroach bites you but does no damage.
You closely miss the orc priest. Your headbutt misses the orc priest.
The orc priest is heavily wounded.
The giant cockroach completely misses you.
The orc priest hits you with a +0 hand axe.
* * * LOW HITPOINT WARNING * * *
You closely miss the orc priest.
The orc priest is heavily wounded.
The giant cockroach bites you.
* * * LOW HITPOINT WARNING * * *
The orc priest calls down the wrath of Beogh upon you.
Pain shoots through your body!
You die...

#.......###
#.........
#........
#.......#
####.......##
............#
#...oB...#
#..@..#.##.
##.).......
##.###.###
####.# #
###....#
#♣W#.#..#
#8$+....#
#♣.#....# # #
#######..#
.#.


You could see an orc priest and a giant cockroach.

Vanquished Creatures
  Natasha (thrice) (D:2)
  A hound skeleton (D:3)
  An adder (D:2)
  A worm (D:3)
  A dart slug (D:1)
  3 ball pythons (D:1)
  5 endoplasms
  3 giant cockroaches (D:1)
  3 goblins (D:1)
  4 hobgoblins
  5 kobolds
  A quokka (D:1)
  4 bats (D:1)
  2 frilled lizards (D:1)
  4 rats
41 creatures vanquished.

Notes
Turn   | Place    | Note
-------+----------+-------------------------------------------
     0 | D:1      | pkoi the Draconian Transmuter began the quest for the Orb.
     0 | D:1      | Reached XP level 1. HP: 16/16 MP: 3/3
   268 | D:1      | Reached XP level 2. HP: 10/23 MP: 5/5
   276 | D:1      | Found Pyiniufi's Antique Weapon Shoppe.
   725 | D:1      | Reached skill level 4 in Unarmed Combat
   891 | D:1      | Reached XP level 3. HP: 28/28 MP: 6/6
   895 | D:1      | Learned a level 3 spell: Spider Form
  1041 | D:1      | Found a faded altar of an unknown god.
  1335 | D:2      | Noticed Natasha
  1349 | D:2      | Killed Natasha
  1350 | D:2      | Reached skill level 1 in Poison Magic
  1368 | D:2      | Noticed Natasha
  1372 | D:2      | Gained mutation: You are occasionally teleported next to
                  | monsters. [potion of mutation]
  1372 | D:2      | Gained mutation: Your tail ends in a poisonous barb.
                  | [potion of mutation]
  1372 | D:2      | Gained mutation: You have large cloven feet. [potion of
                  | mutation]
  1375 | D:2      | Killed Natasha
  1376 | D:2      | Reached XP level 4. HP: 6/35 MP: 7/7
  1665 | D:2      | Noticed Natasha
  1675 | D:2      | Killed Natasha
  2305 | D:3      | Found a runed translucent door.
  2305 | D:3      | Noticed SensoryNuts's ghost (amateur DrMo)
  2315 | D:3      | Reached XP level 5. HP: 40/40 MP: 8/8
  2327 | D:3      | Killed from afar by an orc priest

Illustrated notes

Levels and vault maps discovered:
D:1:      lemuel_arrival_hallway, layout_rooms, serial_shops,
          nicolae_shop_overgrown_old_shop,
          shapermc_ecumenical_altar_mp_highgroup, kennysheep_boxes
D:2:      layout_basic, uniq_natasha
D:3:      layout_loops_ring, grunt_qazlal_clouds, gammafunk_ghost_grave,
          uniq_crazy_yiuf_cottage, uniq_grinder, uniq_ijyb

Skill      XL: |  1  2  3 |
---------------+----------+-----
Unarmed Combat | 4 |  4.8
Poison Magic   | 1 |  1.8
Fighting       | |  1.1
Dodging        | |  1.7
Spellcasting   | |  2.0
Transmutations | |  2.9

Action                   |  1- 3 |  4- 6 || total
-------------------------+-------+-------++-------
Melee: Unarmed           |   132 |    27 ||   159
       Tailslap          |    13 |     5 ||    18
       Kick              |     3 |     6 ||     9
       Punch             |     1 |       ||     1
       Headbutt          |       |     2 ||     2
 Cast: Beastly Appendage |     4 |     3 ||     7
  Use: Potion            |     3 |       ||     3
       Scroll            |     2 |     1 ||     3
Armor: Skin              |    48 |     8 ||    56
Dodge: Dodged            |    87 |    14 ||   101
